 Dungeon Crawl Stone Soup version 0.19-a0-503-g45a6586 (webtiles) character file.

89 Denapoli the Caller (level 4, -3/30 HPs)
             Began as a Mummy Summoner on June 5, 2016.
             Killed from afar by Sigmund (18 damage)
             ... with a puff of flame
             ... on level 3 of the Dungeon.
             The game lasted 00:03:54 (2362 turns).

Denapoli the Caller (Mummy Summoner)                Turns: 2362, Time: 00:03:54

Health: -3/30      AC:  2    Str: 11    XL:     4   Next: 31%
Magic:  0/9        EV: 12    Int: 15    God:
Gold:   151        SH:  0    Dex: 12    Spells: 2 memorised, 6 levels left

rFire  x . .     SeeInvis .     f - +3 short sword (venom)
rCold  + . .     Gourm    .     a - +0 robe
rNeg   + + +     Faith    .     (no shield)
rPois  ∞         Spirit   .     (no helmet)
rElec  .         Dismiss  .     (no cloak)
rCorr  .         Reflect  .     (no gloves)
SustAt .         Harm     .     (no boots)
MR     .....                    (no amulet)
Stlth  ++........               (no ring)
                                (no ring)

@: very slightly contaminated, not resistant to hostile enchantments, unstealthy
A: no food or potions, fire vulnerability, cold resistance 1, negative energy
resistance 3, torment resistance, unbreathing
a: no special abilities


You were on level 3 of the Dungeon.
You were not hungry.

You visited 1 branch of the dungeon, and saw 3 of its levels.

You collected 151 gold pieces.

Inventory:

Hand Weapons
 f - a +3 short sword of venom (weapon)
Armour
 a - a +0 robe (worn)
Scrolls
 c - a scroll of recharging {unknown}
 d - 7 scrolls of identify {unknown}
 e - a scroll of remove curse {unknown}
 g - a scroll of enchant weapon {unknown}
 h - 2 scrolls of random uselessness {unknown}
Books
 b - a book of Callings

   Spells                             Type                      Level
   a - Summon Small Mammal            Summoning                    1
   b - Call Imp                       Summoning                    2
   c - Call Canine Familiar           Summoning                    3
   d - Summon Guardian Golem          Hexes/Summoning              3
   e - Summon Lightning Spire         Summoning/Air                4
   f - Summon Ice Beast               Ice/Summoning                4


   Skills:
 - Level 1.5 Dodging
 - Level 1.5 Stealth
 * Level 3.6 Spellcasting
 + Level 3.8 Summonings


You had 6 spell levels left.
You knew the following spells:

 Your Spells              Type           Power        Failure   Level  Hunger
a - Call Canine Familiar  Summ           ##......     14%         3    N/A
b - Summon Small Mammal   Summ           ##..         4%          1    N/A

Dungeon Overview and Level Annotations

Branches:
Dungeon (3/15)

Altars:

Annotations:
D:3 Sigmund


Innate Abilities, Weirdness & Mutations

You do not eat or drink.
Your flesh is vulnerable to fire.
You are immune to poison.
Your flesh is cold resistant. (rC+)
You are immune to negative energy. (rN+++)
You are immune to unholy pain and torment.
You can survive without breathing.


Message History

Confirm with . or Enter, or press ? or * to list all spells.
You don't have enough magic to cast that spell.
You open the door.
There is an open door here.
There is an open door here.
Casting: Call Canine Familiar
Confirm with . or Enter, or press ? or * to list all spells.
You miscast Call Canine Familiar.
Shadowy shapes form in the air around you, then vanish.
You see here a whip.
Found a scroll labeled ZUOMPA OVUALE.
You see here a scroll labeled ZUOMPA OVUALE.
Sigmund mumbles some strange words.
Sigmund flickers and vanishes!
Casting: Call Canine Familiar
Confirm with . or Enter, or press ? or * to list all spells.
A puff of flame appears from out of thin air!
The puff of flame hits you! The fire burns you terribly!
Ouch! That really hurt!
You die...

##.......## ##.##..#
##.....## ####.##
##...## #.# ##'## #.#
#.# #.# ####.###### #?#
######.........# #.#
#..........###h#######.#
#.####...(.....@.......#
#.#........###.#########
##.#.##..#.## #.
.....##..#.# #.
##.####..#.####.# #.#
#.........#
#.#####.#.######
#.......#.# #########.#


You could see a friendly hound.

Vanquished Creatures
  2 worms (D:2)
  2 dart slugs (D:1)
  A giant gecko (D:3)
  A ball python (D:1)
  5 bats
  4 giant cockroaches
  3 goblins (D:1)
  3 hobgoblins (D:2)
  A jackal (D:2)
  2 giant newts (D:2)
  4 kobolds (D:1)
  3 rats
31 creatures vanquished.

Vanquished Creatures (collateral kills)
  A giant frog zombie (D:1)
  Ijyb (D:2)
  A dart slug (D:1)
  A giant gecko (D:1)
  2 bats (D:1)
  2 goblins
  2 hobgoblins
  2 jackals (D:2)
  A kobold (D:3)
  4 rats
17 creatures vanquished.

Grand Total: 48 creatures vanquished

Notes
Turn   | Place    | Note
--------------------------------------------------------------
     0 | D:1      | Denapoli the Mummy Summoner began the quest for the Orb.
     0 | D:1      | Reached XP level 1. HP: 13/13 MP: 3/3
   391 | D:1      | Reached XP level 2. HP: 17/19 MP: 1/5
   938 | D:1      | Reached XP level 3. HP: 5/24 MP: 2/7
  1402 | D:2      | Noticed Ijyb
  1414 | D:2      | Killed Ijyb
  1416 | D:2      | Reached XP level 4. HP: 22/30 MP: 5/9
  1572 | D:2      | Learned a level 3 spell: Call Canine Familiar
  2303 | D:3      | Noticed Sigmund
  2362 | D:3      | Killed from afar by Sigmund

Vault maps used:
D:1:      lemuel_arrival_muddy
D:2:      uniq_iyjb
D:3:      lemuel_zombie_altar_kikubaaqudgha, grunt_ministairs_14, uniq_robin,
          uniq_sigmund

Skill      XL: |  1  2  3 |
---------------+----------+-----
Spellcasting   | 3 |  3.6
Dodging        | |  1.5
Stealth        | |  1.5
Summonings     | |  3.8

Action                   |  1- 3 |  4- 6 || total
-------------------------+-------+-------++-------
Melee: Mace              |    22 |       ||    22
       Unarmed           |     3 |       ||     3
       Short sword       |    26 |    33 ||    59
 Cast: Summon Small Mamm |    41 |     4 ||    45
       Call Canine Famil |       |     8 ||     8
 Stab: Distracted        |       |     1 ||     1
Armor: Robe              |    23 |     5 ||    28
Dodge: Dodged            |    70 |    18 ||    88
